 Dungeon Crawl Stone Soup version 0.30-a0-596-g0af90f9a20 (webtiles) character file.

Game seed: 4546128950711504936

595 CorgiPerc the Slasher (level 7, -16/56 HPs)
             Began as a Gnoll Reaver on Jan 6, 2023.
             Was an Initiate of Vehumet.
             Demolished by an ogre
             ... wielding a +0 giant spiked club
              (19 damage)
             ... on level 5 of the Dungeon.
             The game lasted 00:19:44 (2599 turns).

CorgiPerc the Slasher (Gnoll Reaver)                Turns: 2599, Time: 00:19:45

Health: -16/56     AC: 11    Str: 13    XL:     7   Next: 40%
Magic:  15/15      EV:  8    Int: 22    God:    Vehumet [......]
Gold:   188        SH:  0    Dex: 19    Spells: 15/17 levels left

rFire   . . .      SeeInvis .    r - +6 quarterstaff of Tenacity {freeze, Int+3 Dex+3}
rCold   + . .      Faith    .    (shield currently unavailable)
rNeg    . . .      Spirit   .    u - +2 chain mail {rC+}
rPois   .          Reflect  .    j - +0 helmet
rElec   .          Harm     .    (no cloak)
rCorr   .          Rampage  .    w - +2 pair of gloves
Will    .....                    (no boots) Stlth
                                 p - amulet of regeneration
HPRegen 1.09/turn                e - +6 ring of intelligence
MPRegen 0.14/turn                v - +6 ring of dexterity

@: corroded
A: fangs 1, strong nose, distributed training
a: Renounce Religion


You were on level 5 of the Dungeon.
You worshipped Vehumet.
Vehumet was noncommittal.
You visited 2 branches of the dungeon, and saw 6 of its levels.

You collected 188 gold pieces.

Inventory:

Hand Weapons
 a - a +0 falchion
 f - a +2 dagger of holy wrath
 k - a +1 mace of protection
 o - a +2 war axe of electrocution
 r - the +6 quarterstaff of Tenacity (weapon) {freeze, Int+3 Dex+3}
   (You acquired it on level 3 of the Dungeon)

   Int:       It affects your intelligence (+3).
   Dex:       It affects your dexterity (+3).
Missiles
 s - 2 poisoned darts
Armour
 b - a +0 leather armour
 c - a +0 ring mail
 j - a +0 helmet (worn)
 u - a +2 chain mail of cold resistance (worn)
 w - a +2 pair of gloves (worn)
 z - a +2 ring mail of cold resistance
Jewellery
 e - a +6 ring of intelligence (left hand)
 l - a ring of resist corrosion
 p - an amulet of regeneration (around neck)
 v - a +6 ring of dexterity (right hand)
Scrolls
 m - a scroll of torment
 t - 3 scrolls of teleportation
 x - a scroll of immolation {unknown}
 y - a scroll of poison {unknown}
 A - a scroll of identify
Potions
 d - 2 potions of magic
 g - a potion of degeneration
 i - 2 potions of curing
 n - a potion of haste {unknown}
 q - 2 potions of might {unknown}


   Skills:
 + Level 5.3 Fighting
 + Level 2.5 Short Blades
 + Level 7.1 Long Blades
 + Level 2.5 Axes
 + Level 2.5 Maces & Flails
 + Level 2.5 Polearms
 + Level 2.5 Staves
 + Level 2.5 Ranged Weapons
 + Level 2.5 Throwing
 + Level 2.5 Armour
 + Level 5.3 Dodging
 + Level 2.5 Stealth
 + Level 2.5 Shields
 + Level 2.5 Unarmed Combat
 + Level 5.6 Spellcasting
 + Level 5.8 Conjurations
 + Level 2.1 Hexes
 + Level 2.1 Summonings
 + Level 2.1 Necromancy
 + Level 2.1 Translocations
 + Level 2.1 Transmutations
 + Level 2.1 Fire Magic
 + Level 2.1 Ice Magic
 + Level 2.1 Air Magic
 + Level 2.1 Earth Magic
 + Level 2.1 Poison Magic
 + Level 2.8 Invocations
 + Level 2.5 Evocations


You had 15 spell levels left.
You knew the following spells:

 Your Spells              Type           Power      Damage    Failure   Level
a - Kiss of Death         Conj/Necr      92%        2d12      50%         1
b - Shock                 Conj/Air       92%        1d8       50%         1

Your spell library contained the following spells:

 Spells                   Type           Power      Damage    Failure   Level
 Momentum Strike          Conj/Tloc      46%        3d9       63%         2
 Hailstorm                Conj/Ice       23%        3d7       86%         3
 Ensorcelled Hibernation  Hex/Ice        30%        N/A       88%         2
 Spider Form              Tmut/Pois      15%        N/A       98%         3
 Swiftness                Air            15%        N/A       98%         3
 Tukima's Dance           Hex            15%        N/A       98%         3
 Airstrike                Air            7%         2d(2-18)  100%        4
 Anguish                  Hex/Necr       7%         N/A       100%        4
 Passage of Golubria      Tloc           15%        N/A       100%        4
 Yara's Violent Unravell  Hex/Tmut       7%         3d5       100%        5


Dungeon Overview and Level Annotations

Branches:
Dungeon (5/15)             Temple (1/1) D:4

Altars:
Ashenzari
Elyvilon
Fedhas
Gozag
Hepliaklqana
Kikubaaqudgha
Makhleb
Qazlal
Ru
Sif Muna
Trog
Uskayaw
Vehumet
Wu Jian
Xom
Yredelemnul
Zin
The Shining One


Innate Abilities, Weirdness & Mutations

You have very sharp teeth.
Your uncanny sense of smell can sniff out nearby items.
Your experience applies equally to all skills.


Message History

Your Fire Magic skill increases to level 2!
Your Ice Magic skill increases to level 2!
Your Air Magic skill increases to level 2!
Your Earth Magic skill increases to level 2!
Your Poison Magic skill increases to level 2!
You thump the jelly! You freeze the jelly. The acid corrodes you!
Your hands burn!
The jelly is heavily wounded.
The gnoll barely misses you. The jelly hits you but does no damage.
You hit the jelly. You freeze the jelly.
Your hands burn!
The jelly is almost dead.
The gnoll barely misses you. The jelly hits you but does no damage.
The jelly hits you.
You are splashed with acid!
The gnoll hits you from afar with a +0 halberd.
You hit the jelly. You freeze the jelly.
You kill the jelly!
Vehumet accepts your kill.
The gnoll hits you from afar with a +0 halberd!
The gnoll barely misses you.
Items here: )))) ††††.
Okay, then.
You hit the gnoll. You freeze the gnoll.
The gnoll is lightly wounded.
The gnoll hits you with a +0 halberd.
* * * LOW HITPOINT WARNING * * *
You closely miss the gnoll. You bite the gnoll.
The gnoll is moderately wounded.
The gnoll hits you but does no damage.
You feel much better. The gnoll hits you with a +0 halberd!
You sock the gnoll! You freeze the gnoll.
You kill the gnoll!
Vehumet accepts your kill.
You sock the ogre! You freeze the ogre.
The ogre is moderately wounded.
The ogre hits you with a +0 giant spiked club!!
* * * LOW HITPOINT WARNING * * *
You hit the ogre. You freeze the ogre. You bite the ogre, but do no damage.
The ogre is heavily wounded.
The ogre hits you with a +0 giant spiked club!!
You die...

......./.........# #
...$.............# .# #
........gg.g.S...##.#.#
...........###g#......+
...........# #.#<.....#
...........# #........+
..!........#
###.######.
.###...#####
#.O........ #.#.
#@#.#####.. #.#. #.#.#
#.#.# #<#.# ###.# ..#
###


You could see an ogre.

Vanquished Creatures
  A water moccasin (D:5)
  The ghost of cforsyth the Digger, an amateur GrEE (D:4)
  An ogre (D:5)
  2 jellies (D:5)
  A hound (D:5)
  2 adders (D:4)
  8 gnolls
  An ufetubus (D:4)
  2 dart slugs
  5 orcs
  2 ball pythons
  8 bats
  6 endoplasms
  2 giant cockroaches (D:1)
  12 hobgoblins
  5 jackals (D:3)
  6 quokkas
  4 frilled lizards
  7 goblins
  11 kobolds
  8 rats
95 creatures vanquished.

Vanquished Creatures (others)
  A plant (D:1)
1 creature vanquished.

Grand Total: 96 creatures vanquished

Notes
Turn   | Place    | Note
-------+----------+-------------------------------------------
     0 | D:1      | CorgiPerc the Gnoll Reaver began the quest for the Orb.
     0 | D:1      | Reached XP level 1. HP: 20/20 MP: 6/6
   106 | D:1      | Reached XP level 2. HP: 24/26 MP: 7/7
   242 | D:1      | Reached skill level 5 in Spellcasting
   242 | D:1      | Reached XP level 3. HP: 14/27 MP: 7/9
   336 | D:1      | Reached skill level 1 in Invocations
   831 | D:2      | Reached skill level 1 in Short Blades
   831 | D:2      | Reached skill level 1 in Axes
   831 | D:2      | Reached skill level 1 in Maces & Flails
   831 | D:2      | Reached skill level 1 in Polearms
   831 | D:2      | Reached skill level 1 in Staves
   831 | D:2      | Reached skill level 1 in Ranged Weapons
   831 | D:2      | Reached skill level 1 in Throwing
   831 | D:2      | Reached skill level 1 in Armour
   831 | D:2      | Reached skill level 1 in Stealth
   831 | D:2      | Reached skill level 1 in Shields
   831 | D:2      | Reached skill level 1 in Unarmed Combat
   831 | D:2      | Reached skill level 1 in Evocations
  1033 | D:2      | Reached XP level 4. HP: 30/37 MP: 11/11
  1052 | D:2      | Reached skill level 1 in Hexes
  1052 | D:2      | Reached skill level 1 in Summonings
  1052 | D:2      | Reached skill level 1 in Necromancy
  1052 | D:2      | Reached skill level 1 in Translocations
  1052 | D:2      | Reached skill level 1 in Transmutations
  1052 | D:2      | Reached skill level 1 in Fire Magic
  1052 | D:2      | Reached skill level 1 in Ice Magic
  1052 | D:2      | Reached skill level 1 in Air Magic
  1052 | D:2      | Reached skill level 1 in Earth Magic
  1052 | D:2      | Reached skill level 1 in Poison Magic
  1154 | D:2      | Learned a level 1 spell: Shock
  1298 | D:2      | You fall into a shaft and drop 1 floor!
  1692 | D:3      | Reached XP level 5. HP: 43/43 MP: 12/12
  1814 | D:3      | Identified a scroll of acquirement
  1815 | D:3      | Acquired the +6 quarterstaff of Tenacity {freeze, Int+3
                  | Dex+3}
  1841 | D:4      | Found a staircase to the Ecumenical Temple.
  1957 | Temple   | Entered the Ecumenical Temple
  1957 | Temple   | Found a transporter.
  1957 | Temple   | Found a transporter.
  1959 | Temple   | Found a transporter.
  1959 | Temple   | Found a transporter.
  2091 | Temple   | Became a worshipper of Vehumet
  2317 | D:4      | Found a stormy altar of Qazlal.
  2437 | D:4      | Found a large runed translucent door.
  2437 | D:4      | Found a large runed translucent door.
  2445 | D:4      | Noticed cforsyth's ghost (amateur GrEE)
  2462 | D:4      | Killed cforsyth's ghost
  2463 | D:4      | Reached skill level 5 in Fighting
  2463 | D:4      | Reached skill level 5 in Dodging
  2463 | D:4      | Reached XP level 6. HP: 51/51 MP: 14/14
  2519 | D:5      | Entered Level 5 of the Dungeon
  2553 | D:5      | Noticed a water moccasin
  2575 | D:5      | Killed a water moccasin
  2576 | D:5      | Reached skill level 7 in Long Blades
  2576 | D:5      | Reached XP level 7. HP: 48/56 MP: 15/15
  2598 | D:5      | HP: 2/56 [ogre/+0 giant spiked club (23)]
  2599 | D:5      | Demolished by an ogre

Illustrated notes

Levels and vault maps discovered:
D:1:      dpeg_arrival_orchard, layout_rooms, feat_on_display
D:2:      layout_loops_ring, kennysheep_generic_room_5
D:3:      layout_loops_cross, cheibrodos_worm_habitat
D:4:      layout_loops_ring, grunt_qazlal_clouds,
          minmay_temple_entry_sparse_star, ebering_ghost_disaster_area
D:5:      layout_basic, guppyfry_shop_venom, uniq_menkaure
Temple:   hellmonk_temple_divided_pantheon

Skill      XL: |  1  2  3  4  5  6  7 |
---------------+----------------------+-----
Spellcasting   | 5 |  5.6
Invocations    | 1 2 |  2.8
Short Blades   | 1 2 |  2.5
Axes           | 1 2 |  2.5
Maces & Flails | 1 2 |  2.5
Polearms       | 1 2 |  2.5
Staves         | 1 2 |  2.5
Ranged Weapons | 1 2 |  2.5
Throwing       | 1 2 |  2.5
Armour         | 1 2 |  2.5
Stealth        | 1 2 |  2.5
Shields        | 1 2 |  2.5
Unarmed Combat | 1 2 |  2.5
Evocations     | 1 2 |  2.5
Hexes          | 1 2 |  2.1
Summonings     | 1 2 |  2.1
Necromancy     | 1 2 |  2.1
Translocations | 1 2 |  2.1
Transmutations | 1 2 |  2.1
Fire Magic     | 1 2 |  2.1
Ice Magic      | 1 2 |  2.1
Air Magic      | 1 2 |  2.1
Earth Magic    | 1 2 |  2.1
Poison Magic   | 1 2 |  2.1
Fighting       | 5 |  5.3
Dodging        | 5 |  5.3
Long Blades    | 7 |  7.1
Conjurations   | |  5.8

Action                   |  1- 3 |  4- 6 |  7- 9 || total
-------------------------+-------+-------+-------++-------
Melee: Falchion          |    67 |       |       ||    67
       Bite              |     7 |    17 |     5 ||    29
       Mace              |    69 |    69 |       ||   138
       Dagger            |       |    42 |       ||    42
       Punch             |       |     3 |       ||     3
       Quarterstaff      |       |    47 |    22 ||    69
 Cast: Kiss of Death     |     1 |       |       ||     1
  Use: Scroll            |       |    11 |       ||    11
       Potion            |       |       |     1 ||     1
Armor: Ring mail         |    74 |    31 |       ||   105
       Leather armour    |     1 |       |       ||     1
       Chain mail        |       |    66 |    14 ||    80
Dodge: Dodged            |   113 |    81 |     7 ||   201

Table legend: (Time is in decaauts)
 A = Elapsed time spent in this place.
 B = Non-inter-level travel time spent in this place.
 C = Inter-level travel time spent in this place.
 D = Time resting spent in this place.
 E = Time spent auto-exploring this place.
 F = Levels seen in this place.
 G = Mean time per level.
                   A        B        C        D        E       F      G
               +--------+--------+--------+--------+--------+-----+--------+
         Total |   2652 |   2652 |      0 |      0 |    329 |   6 |  442.0 |
       Dungeon |   2499 |   2499 |      0 |      0 |    329 |   5 |  499.8 |
        Temple |    152 |    152 |      0 |      0 |      0 |   1 |  152.0 |
               +--------+--------+--------+--------+--------+-----+--------+

Top non-repeatable levels by time:
     D:2: 702 daAuts
     D:1: 630 daAuts
     D:3: 542 daAuts
     D:4: 538 daAuts
  Temple: 152 daAuts
     D:5: 86 daAuts
